TOP OF THE 1ST |
Los Angeles (NYP) Dodgers batting - Pitching for Rome Braves : LHP Aaron Manees
|
Pitching: LHP Aaron Manees
|
|
Batting: RHB Theo Schepers
|
0-0: DOUBLE (Flyball, 89XD, EV 96.2 MPH)
|
Batting: RHB Ruben Serrata
|
0-0: Ball 1-0: Foul Ball, location: 2F 1-1: Ground out U3 (Groundball, 3S, EV 86.2 MPH) Theo Schepers to third
|
Batting: SHB Guy Jerome
|
0-0: Ball 1-0: Called Strike 1-1: Ball 2-1: Foul Ball, location: 2F 2-2: Strikes out swinging
|
Batting: RHB Manny Mendoza
|
0-0: Called Strike 0-1: Ball 1-1: Ball 2-1: DOUBLE (Flyball, 8LXD, EV 105.0 MPH) Theo Schepers scores
|
Batting: LHB Chris Buchan
|
0-0: Called Strike 0-1: Called Strike 0-2: Ball 1-2: Foul Ball, location: 2F 1-2: Ball 2-2: Foul Ball, location: 2F 2-2: Ball 3-2: Base on Balls
|
Batting: RHB Kevin Ezell
|
0-0: Hit by Pitch Manny Mendoza to third Chris Buchan to second
|
Batting: RHB Juan Gallegos
|
0-0: Fly out, F7 (Flyball, 7, EV 81.9 MPH)
|
Top of the 1st over - 1 run, 2 hits, 0 errors, 3 left on base; Los Angeles (NYP) 1 - Rome 0 |
BOTTOM OF THE 1ST |
Rome Braves batting - Pitching for Los Angeles (NYP) Dodgers : LHP Terry LaPlante
|
Pitching: LHP Terry LaPlante
|
|
Batting: RHB Rafael Reyes
|
0-0: Fly out, F9 (Flyball, 9, EV 87.5 MPH)
|
Batting: RHB Gebre-Giorgios Wangondu
|
0-0: Ball 1-0: Foul Ball, location: 2F 1-1: Called Strike 1-2: Strikes out looking
|
Batting: LHB Tamaichi Sasada
|
0-0: Foul Ball, location: 2F 0-1: DOUBLE (Flyball, 8RXD, EV 96.2 MPH)
|
Batting: RHB Tim Molchan
|
0-0: Called Strike 0-1: Called Strike 0-2: Strikes out swinging
|
Bottom of the 1st over - 0 runs, 1 hit, 0 errors, 1 left on base; Los Angeles (NYP) 1 - Rome 0 |
TOP OF THE 2ND |
Los Angeles (NYP) Dodgers batting - Pitching for Rome Braves : LHP Aaron Manees
|
Batting: LHB Jim Jardine
|
0-0: Ball 1-0: Called Strike 1-1: Ground out 1-3 (Groundball, 13, EV 74.4 MPH)
|
Batting: RHB Alex Mejia
|
0-0: Called Strike 0-1: Foul Ball, location: 2F 0-2: Ground out 4-3 (Groundball, 4, EV 78.8 MPH)
|
Batting: RHB Theo Schepers
|
0-0: Ball 1-0: Swinging Strike 1-1: Foul Ball, location: 2F 1-2: SINGLE (Line Drive, 89S, EV 111.2 MPH)
|
Batting: RHB Ruben Serrata
|
0-0: Called Strike 0-1: Called Strike Theo Schepers steals 2nd base 0-2: Ball 1-2: SINGLE (Line Drive, 7S, EV 105.0 MPH) Theo Schepers to third Runner from 3rd tries for Home, SAFE, throw by LF to home
|
Batting: SHB Guy Jerome
|
0-0: Ball 1-0: Ball 2-0: Fielders Choice at 2nd, 6-4 (Groundball, 6, EV 86.2 MPH)
|
Top of the 2nd over - 1 run, 2 hits, 0 errors, 1 left on base; Los Angeles (NYP) 2 - Rome 0 |
BOTTOM OF THE 2ND |
Rome Braves batting - Pitching for Los Angeles (NYP) Dodgers : LHP Terry LaPlante
|
Batting: RHB Costantino Dolfini
|
0-0: Called Strike 0-1: Ball 1-1: Foul Ball, location: 2F 1-2: Fly out, F7 (Line Drive, 7, EV 98.1 MPH)
|
Batting: RHB Adonis Jenifer
|
0-0: Ball 1-0: Called Strike 1-1: Foul Ball, location: 2F 1-2: Strikes out looking
|
Batting: RHB Alex Campos
|
0-0: Called Strike 0-1: Swinging Strike 0-2: Ball 1-2: Strikes out looking
|
Bottom of the 2nd over - 0 runs, 0 hits, 0 errors, 0 left on base; Los Angeles (NYP) 2 - Rome 0 |
TOP OF THE 3RD |
Los Angeles (NYP) Dodgers batting - Pitching for Rome Braves : LHP Aaron Manees
|
Batting: RHB Manny Mendoza
|
0-0: Ball 1-0: Ball 2-0: Ball 3-0: SINGLE (Groundball, 34S, EV 85.6 MPH) (infield hit)
|
Batting: LHB Chris Buchan
|
0-0: Ball 1-0: Called Strike 1-1: Ball 2-1: Foul Ball, location: 2F 2-2: Fly out, F4 (Line Drive, 4, EV 63.8 MPH)
|
Batting: RHB Kevin Ezell
|
0-0: Foul Ball, location: 2F 0-1: Foul Ball, location: 2F 0-2: Ball 1-2: Foul Ball, location: 2F 1-2: Fielders Choice at 2nd, 3-6 (Groundball, 3, EV 88.1 MPH)
|
Batting: RHB Juan Gallegos
|
0-0: Foul Ball, location: 2F 0-1: Ground out 6-3 (Groundball, 6M, EV 105.0 MPH)
|
Top of the 3rd over - 0 runs, 1 hit, 0 errors, 1 left on base; Los Angeles (NYP) 2 - Rome 0 |
BOTTOM OF THE 3RD |
Rome Braves batting - Pitching for Los Angeles (NYP) Dodgers : LHP Terry LaPlante
|
Batting: RHB Tetsuro Sato
|
0-0: Swinging Strike 0-1: Ball 1-1: Foul Ball, location: 2F 1-2: Ball 2-2: Foul Ball, location: 2F 2-2: Ball 3-2: Strikes out swinging
|
Batting: RHB Vicente Guillen
|
0-0: Ball 1-0: Foul Ball, location: 2F 1-1: Foul Ball, location: 2F 1-2: Ball 2-2: Ball 3-2: Strikes out swinging
|
Batting: RHB Rafael Reyes
|
0-0: Ground out 5-3 (Groundball, 56S, EV 89.4 MPH)
|
Bottom of the 3rd over - 0 runs, 0 hits, 0 errors, 0 left on base; Los Angeles (NYP) 2 - Rome 0 |
TOP OF THE 4TH |
Los Angeles (NYP) Dodgers batting - Pitching for Rome Braves : LHP Aaron Manees
|
Batting: LHB Jim Jardine
|
0-0: Ball 1-0: Reached on error, E2 (Groundball, 15S, EV 66.2 MPH)
|
Batting: RHB Alex Mejia
|
0-0: Ball 1-0: Fielders Choice at 2nd, 6-4 (Groundball, 6, EV 85.6 MPH)
|
Batting: RHB Theo Schepers
|
0-0: Called Strike 0-1: Ball Balk! Alex Mejia to second 1-1: Ball 2-1: SINGLE (Groundball, 4M, EV 83.8 MPH) (infield hit) Alex Mejia to third
|
Batting: RHB Ruben Serrata
|
0-0: Ball 1-0: Swinging Strike 1-1: SINGLE (Groundball, 6MD, EV 98.8 MPH) Alex Mejia scores Theo Schepers to second
|
Batting: SHB Guy Jerome
|
0-0: Ball 1-0: Called Strike 1-1: Called Strike Theo Schepers is caught stealing 3rd base 2-5 Ruben Serrata to second 1-2: Ball 2-2: Fly out, F8 (Line Drive, 89M, EV 91.9 MPH)
|
Top of the 4th over - 1 run, 2 hits, 1 error, 1 left on base; Los Angeles (NYP) 3 - Rome 0 |
BOTTOM OF THE 4TH |
Rome Braves batting - Pitching for Los Angeles (NYP) Dodgers : LHP Terry LaPlante
|
Batting: RHB Gebre-Giorgios Wangondu
|
0-0: Ball 1-0: Swinging Strike 1-1: Ball 2-1: Swinging Strike 2-2: SINGLE (Groundball, 4MS, EV 63.8 MPH) (infield hit)
|
Batting: LHB Tamaichi Sasada
|
0-0: Called Strike 0-1: Ball Gebre-Giorgios Wangondu steals 2nd base 1-1: Ball Gebre-Giorgios Wangondu steals 3rd base 2-1: Called Strike 2-2: Fly out, F7 (Flyball, 7D, EV 106.9 MPH) Runner from 3rd tags up, SCORES, throw by LF
|
Batting: RHB Tim Molchan
|
0-0: Ball 1-0: Called Strike 1-1: Ball 2-1: Foul Ball, location: 2F 2-2: Ground out 1-3 (Groundball, 13, EV 66.9 MPH)
|
Batting: RHB Costantino Dolfini
|
0-0: Ball 1-0: Ball 2-0: Foul Ball, location: 2F 2-1: Ball 3-1: Base on Balls
|
Batting: RHB Adonis Jenifer
|
0-0: Ball Costantino Dolfini steals 2nd base 1-0: Fly out, F8 (Flyball, 8LD, EV 102.5 MPH)
|
Bottom of the 4th over - 1 run, 1 hit, 0 errors, 1 left on base; Los Angeles (NYP) 3 - Rome 1 |
TOP OF THE 5TH |
Los Angeles (NYP) Dodgers batting - Pitching for Rome Braves : LHP Aaron Manees
|
Batting: RHB Manny Mendoza
|
0-0: Called Strike 0-1: Ball 1-1: Foul Ball, location: 2F 1-2: Ball 2-2: Ball 3-2: DOUBLE (Line Drive, 3D, EV 98.8 MPH)
|
Batting: LHB Chris Buchan
|
0-0: Ball 1-0: Ground out 4-3 (Groundball, 34, EV 106.9 MPH) Manny Mendoza to third
|
Batting: RHB Kevin Ezell
|
0-0: Called Strike 0-1: Ball 1-1: Foul Ball, location: 2F 1-2: Ball 2-2: Ground out 6-3 (Groundball, 6, EV 80.0 MPH) Manny Mendoza scores
|
Batting: RHB Juan Gallegos
|
0-0: Ball 1-0: Ball 2-0: Called Strike 2-1: Ball 3-1: Ground out 6-3 (Groundball, 6, EV 103.1 MPH)
|
Top of the 5th over - 1 run, 1 hit, 0 errors, 0 left on base; Los Angeles (NYP) 4 - Rome 1 |
BOTTOM OF THE 5TH |
Rome Braves batting - Pitching for Los Angeles (NYP) Dodgers : LHP Terry LaPlante
|
Batting: RHB Alex Campos
|
0-0: Ball 1-0: Foul Ball, location: 2F 1-1: Ball 2-1: Called Strike 2-2: Foul Ball, location: 2F 2-2: Ball 3-2: Ground out 5-3 (Groundball, 56, EV 98.8 MPH)
|
Batting: RHB Tetsuro Sato
|
0-0: Ball 1-0: Foul Ball, location: 2F 1-1: Ball 2-1: Fly out, F8 (Flyball, 8RXD, EV 96.9 MPH)
|
Batting: RHB Vicente Guillen
|
0-0: Ball 1-0: Ball 2-0: Called Strike 2-1: Foul Ball, location: 2F 2-2: Strikes out looking
|
Bottom of the 5th over - 0 runs, 0 hits, 0 errors, 0 left on base; Los Angeles (NYP) 4 - Rome 1 |
TOP OF THE 6TH |
Los Angeles (NYP) Dodgers batting - Pitching for Rome Braves : LHP Aaron Manees
|
Pitching: LHP Justin Hawk
|
|
Batting: LHB Jim Jardine
|
0-0: Ball 1-0: Called Strike 1-1: Foul Ball, location: 2F 1-2: Strikes out swinging
|
Batting: RHB Alex Mejia
|
0-0: DOUBLE (Line Drive, 7LD, EV 111.2 MPH)
|
Batting: RHB Theo Schepers
|
0-0: Called Strike 0-1: Ball 1-1: Ball Alex Mejia steals 3rd base 2-1: Fly out, F7 (Flyball, 7D, EV 90.0 MPH) Runner from 3rd tags up, SCORES, no throw by LF
|
Batting: RHB Ruben Serrata
|
0-0: Foul Ball, location: 2F 0-1: Called Strike 0-2: Strikes out swinging
|
Top of the 6th over - 1 run, 1 hit, 0 errors, 0 left on base; Los Angeles (NYP) 5 - Rome 1 |
BOTTOM OF THE 6TH |
Rome Braves batting - Pitching for Los Angeles (NYP) Dodgers : LHP Terry LaPlante
|
Batting: RHB Rafael Reyes
|
0-0: Ball 1-0: Swinging Strike 1-1: Swinging Strike 1-2: Ball 2-2: Strikes out swinging
|
Batting: RHB Gebre-Giorgios Wangondu
|
0-0: Ball 1-0: Foul Ball, location: 2F 1-1: Called Strike 1-2: Ball 2-2: Foul Ball, location: 2F 2-2: Foul Ball, location: 2F 2-2: DOUBLE (Flyball, 8LD, EV 103.1 MPH)
|
Batting: LHB Tamaichi Sasada
|
0-0: Called Strike 0-1: Ball Gebre-Giorgios Wangondu steals 3rd base 1-1: SINGLE (Groundball, 3D, EV 97.5 MPH) Gebre-Giorgios Wangondu scores
|
Batting: RHB Tim Molchan
|
0-0: Ball 1-0: Called Strike 1-1: Grounds out, U3 (Groundball, 3L, EV 96.2 MPH)
|
Batting: RHB Costantino Dolfini
|
0-0: Called Strike 0-1: Foul Ball, location: 2F 0-2: Strikes out looking
|
Bottom of the 6th over - 1 run, 2 hits, 0 errors, 1 left on base; Los Angeles (NYP) 5 - Rome 2 |
TOP OF THE 7TH |
Los Angeles (NYP) Dodgers batting - Pitching for Rome Braves : LHP Justin Hawk
|
Batting: SHB Guy Jerome
|
0-0: Foul Ball, location: 2F 0-1: Called Strike 0-2: Ball 1-2: Fly out, F3 (Line Drive, 3, EV 61.2 MPH)
|
Batting: RHB Manny Mendoza
|
0-0: SOLO HOME RUN (Flyball, 9D, EV 100.0 MPH), Distance : 376 ft
|
Batting: LHB Chris Buchan
|
0-0: Hit by Pitch, AND HE CHARGES THE MOUND! The benches clear!
|
Pitching: RHP Seriozha Darzinsh
|
|
Pinch Runner at 1st Robby Cuellar:
|
|
Batting: RHB Kevin Ezell
|
0-0: Called Strike 0-1: Grounds into double play, 5-4-3 (Groundball, 56, EV 84.4 MPH)
|
Top of the 7th over - 1 run, 1 hit, 0 errors, 0 left on base; Los Angeles (NYP) 6 - Rome 2 |
BOTTOM OF THE 7TH |
Rome Braves batting - Pitching for Los Angeles (NYP) Dodgers : LHP Terry LaPlante
|
Now at 1B: Cliff Thomas
|
|
Batting: RHB Adonis Jenifer
|
0-0: Foul Ball, location: 2F 0-1: Ball 1-1: Foul Ball, location: 2F 1-2: Ball 2-2: Hit by Pitch
|
Pitching: RHP Andre Wiltz
|
|
Batting: RHB Alex Campos
|
0-0: Called Strike 0-1: Called Strike 0-2: Fly out, F8 (Flyball, 78M, EV 84.4 MPH)
|
Batting: RHB Tetsuro Sato
|
0-0: SINGLE (Groundball, 34, EV 102.5 MPH) Adonis Jenifer to second Runner from 2nd tries for 3rd, SAFE, throw by RF made to third
|
Batting: RHB Vicente Guillen
|
0-0: Ball 1-0: Swinging Strike 1-1: Called Strike 1-2: Strikes out swinging
|
Batting: RHB Rafael Reyes
|
0-0: Called Strike 0-1: Called Strike 0-2: Strikes out swinging
|
Bottom of the 7th over - 0 runs, 1 hit, 0 errors, 2 left on base; Los Angeles (NYP) 6 - Rome 2 |
TOP OF THE 8TH |
Los Angeles (NYP) Dodgers batting - Pitching for Rome Braves : RHP Seriozha Darzinsh
|
Batting: RHB Juan Gallegos
|
0-0: Called Strike 0-1: Ball 1-1: Swinging Strike 1-2: Ground out 4-3 (Groundball, 4, EV 81.9 MPH)
|
Batting: LHB Jim Jardine
|
0-0: Ground out 5-3 (Groundball, 5, EV 101.9 MPH)
|
Batting: RHB Alex Mejia
|
0-0: Called Strike 0-1: Fly out, F3 (Popup, 23F, EV 90.6 MPH)
|
Top of the 8th over - 0 runs, 0 hits, 0 errors, 0 left on base; Los Angeles (NYP) 6 - Rome 2 |
BOTTOM OF THE 8TH |
Rome Braves batting - Pitching for Los Angeles (NYP) Dodgers : RHP Andre Wiltz
|
Batting: RHB Gebre-Giorgios Wangondu
|
0-0: Called Strike 0-1: Called Strike 0-2: Foul Ball, location: 2F 0-2: Ball 1-2: Ball 2-2: Foul Ball, location: 2F 2-2: Strikes out swinging, 2-3 out at first.
|
Batting: LHB Tamaichi Sasada
|
0-0: Hit by Pitch
|
Batting: RHB Tim Molchan
|
0-0: Called Strike 0-1: Fly out, F9 (Flyball, 9D, EV 96.2 MPH)
|
Batting: RHB Costantino Dolfini
|
0-0: Called Strike 0-1: Ball 1-1: Foul Ball, location: 2F 1-2: Ball 2-2: Foul Ball, location: 2F 2-2: Foul Ball, location: 2F 2-2: Foul Ball, location: 2F 2-2: Ground out 4-3 (Groundball, 4, EV 101.9 MPH)
|
Bottom of the 8th over - 0 runs, 0 hits, 0 errors, 1 left on base; Los Angeles (NYP) 6 - Rome 2 |
TOP OF THE 9TH |
Los Angeles (NYP) Dodgers batting - Pitching for Rome Braves : RHP Seriozha Darzinsh
|
Batting: RHB Theo Schepers
|
0-0: Ground out 6-3 (Groundball, 6, EV 100.6 MPH)
|
Batting: RHB Ruben Serrata
|
0-0: Fly out, F9 (Flyball, 9D, EV 89.4 MPH)
|
Batting: SHB Guy Jerome
|
0-0: Ball 1-0: Swinging Strike 1-1: Foul Ball, location: 2F 1-2: SINGLE (Groundball, 34D, EV 106.9 MPH) (infield hit)
|
Batting: RHB Manny Mendoza
|
0-0: Ball 1-0: Ball 2-0: Ball 3-0: Called Strike 3-1: Called Strike 3-2: Base on Balls Guy Jerome to second
|
Batting: LHB Cliff Thomas
|
0-0: Called Strike 0-1: Ball 1-1: Swinging Strike 1-2: Foul Ball, location: 2F 1-2: Fly out, F8 (Line Drive, 8RXD, EV 90.0 MPH)
|
Top of the 9th over - 0 runs, 1 hit, 0 errors, 2 left on base; Los Angeles (NYP) 6 - Rome 2 |
BOTTOM OF THE 9TH |
Rome Braves batting - Pitching for Los Angeles (NYP) Dodgers : RHP Andre Wiltz
|
Batting: RHB Adonis Jenifer
|
0-0: Foul Ball, location: 2F 0-1: Ball 1-1: Called Strike 1-2: Ball 2-2: Foul Ball, location: 2F 2-2: Strikes out swinging
|
Batting: RHB Alex Campos
|
0-0: Ball 1-0: Ball 2-0: Fly out, F8 (Line Drive, 8RS, EV 100.6 MPH)
|
Batting: RHB Tetsuro Sato
|
0-0: Ball 1-0: Ground out 6-3 (Groundball, 6, EV 105.6 MPH)
|
Bottom of the 9th over - 0 runs, 0 hits, 0 errors, 0 left on base; Los Angeles (NYP) 6 - Rome 2 |
|